 Dungeon Crawl Stone Soup version 0.21.1-1-g345015f (webtiles) character file.

184 poirepourri the Chopper (level 5, -2/46 HPs)
             Began as a Deep Dwarf Fighter on July 21, 2018.
             Killed by nerve-wracking pain
             ... invoked by Grinder
              (11 damage)
             ... on level 3 of the Dungeon.
             The game lasted 00:02:27 (1286 turns).

poirepourri the Chopper (Deep Dwarf Fighter)        Turns: 1286, Time: 00:02:28

Health: -2/46      AC:  6    Str: 19    XL:     5   Next: 36%
Magic:  4/4        EV:  7    Int:  9    God:
Gold:   55         SH:  9    Dex: 13    Spells: 4/4 levels left

rFire    . . .     SeeInvis .   a - +0 war axe
rCold    . . .     Gourm    .   c - +0 shield
rNeg     . . .     Faith    .   b - +0 scale mail
rPois    .         Spirit   .   (no helmet)
rElec    .         Reflect  .   (no cloak)
rCorr    .         Harm     .   (no gloves)
MR       .....                  (no boots)
Stlth    ..........             (no amulet)
HPRegen  0.00/turn              (no ring)
MPRegen  0.09/turn              (no ring)

@: non-regenerating
A: damage resistance, heal wounds, sense surroundings 1, no regeneration
a: Heal Wounds


You were on level 3 of the Dungeon.
You were full.

You visited 1 branch of the dungeon, and saw 3 of its levels.

You collected 55 gold pieces.

Inventory:

Hand Weapons
 a - a +0 war axe (weapon)
Armour
 b - a +0 scale mail (worn)
 c - a +0 shield (worn)
Scrolls
 d - a scroll of magic mapping {unknown}
 e - a scroll of teleportation
 i - 2 scrolls of identify
 l - 3 scrolls of immolation {unknown}
Potions
 g - 2 potions of resistance
 h - 2 potions of haste
 k - a potion of ambrosia {unknown}
Comestibles
 f - 3 rations


   Skills:
 - Level 2.6 Fighting
 + Level 6.2 Axes
 - Level 3.2 Armour
 - Level 3.2 Shields


You had 4 spell levels left.
You didn't know any spells.

Dungeon Overview and Level Annotations

Branches:
Dungeon (3/15)

Altars:
Uskayaw

Annotations:
D:3 Grinder


Innate Abilities, Weirdness & Mutations

You are resistant to damage.
You can heal yourself by infusing magical energy.
You passively map a small area around you.
You do not regenerate.


Message History

Grinder blinks!
Grinder blinks!
Grinder blinks!
Grinder gestures at you.
You suddenly lose the ability to move!
Grinder hits you.
You writhe in agony.
Grinder says, "Don't move a muscle."
Grinder hits you.
You writhe in agony.
* * * LOW HITPOINT WARNING * * *
Grinder hits you.
* * * LOW HITPOINT WARNING * * *
You writhe in agony.
* * * LOW HITPOINT WARNING * * *
You can move again.
Unknown command.
You hit Grinder.
Grinder is almost dead.
Grinder gestures at you. Pain shoots through your body!
You die...

, ,
###.....#......#+###.#.....
........#....#.....#.#.....
####...............#.##....
,
........##.........#.####.#
.......†...................
...(......#............###.
*
(...........>..............
.....#..............[...###
.......#.5@.............#
.......#................#
..................#'#.#.#*
*
##................#.#.#.#..
#..........#.....#.#.#.#.#
####.....#.....#.#.#.#.#
#.....#.#.###.#.#.#.#
#.#....<#.# #.#.#.#.# * *.#
#.###.#.#....


You could see Grinder.

Vanquished Creatures
  Natasha (thrice) (D:2)
  3 adders (D:2)
  3 oozes
  2 worms (D:2)
  A dart slug (D:1)
  A leopard gecko (D:2)
  An orc (D:3)
  5 bats
  4 giant cockroaches
  8 goblins
  8 hobgoblins
  10 jackals
  3 frilled lizards
  6 kobolds
  2 rats (D:1)
60 creatures vanquished.

Notes
Turn   | Place    | Note
-------+----------+-------------------------------------------
     0 | D:1      | poirepourri the Deep Dwarf Fighter began the quest for the Orb.
     0 | D:1      | Reached XP level 1. HP: 20/20 MP: 1/1
    45 | D:1      | Reached skill level 3 in Axes
    45 | D:1      | Reached XP level 2. HP: 24/27 MP: 2/2
   347 | D:1      | Reached XP level 3. HP: 23/33 MP: 3/3
   358 | D:1      | Reached skill level 4 in Axes
   521 | D:2      | Noticed Natasha
   532 | D:2      | Killed Natasha
   532 | D:2      | Reached XP level 4. HP: 16/40 MP: 4/4
   556 | D:2      | Reached skill level 5 in Axes
   605 | D:2      | Noticed Natasha
   619 | D:2      | Killed Natasha
   792 | D:2      | Reached XP level 5. HP: 14/46 MP: 5/5
   985 | D:2      | Noticed Natasha
   994 | D:2      | Killed Natasha
   994 | D:2      | Reached skill level 6 in Axes
  1219 | D:3      | Found a hide-covered altar of Uskayaw.
  1245 | D:3      | Noticed Grinder
  1255 | D:3      | Paralysed by Grinder for 3 turns
  1264 | D:3      | Paralysed by Grinder for 5 turns
  1272 | D:3      | Paralysed by Grinder for 5 turns
  1282 | D:3      | Paralysed by Grinder for 4 turns
  1286 | D:3      | Killed from afar by Grinder

Skill      XL: |  1  2  3  4  5 |
---------------+----------------+-----
Axes           | 3 4 5 6 |  6.2
Fighting       | |  2.6
Armour         | |  3.2
Shields        | |  3.2

Action                   |  1- 3 |  4- 6 || total
-------------------------+-------+-------++-------
Melee: War axe           |   123 |   126 ||   249
Throw: Tomahawk          |       |     4 ||     4
 Abil: Heal Wounds       |       |     4 ||     4
  Use: Scroll            |     5 |       ||     5
       Potion            |       |     2 ||     2
  Eat: Ration            |       |     2 ||     2
       Chunk             |       |     1 ||     1
Armor: Scale mail        |    60 |    70 ||   130
Dodge: Dodged            |    46 |    59 ||   105
Block: Shield            |    67 |    80 ||   147
